 Dungeon Crawl Stone Soup version 0.27-a0-941-g386ccf399c (webtiles) character file.

Game seed: 5047067365634386014

105 Morbidden the Magician (level 4, -11/32 HPs)
             Began as a Djinni Fire Elementalist on Apr 11, 2021.
             Blown up by Ijyb (22 damage)
             ... with a mindburst bolt
             ... on level 4 of the Dungeon.
             The game lasted 00:03:55 (3850 turns).

Morbidden the Magician (Djinni Fire Elementalist)   Turns: 3850, Time: 00:03:56

Health: -11/32     AC:  5    Str: 13    XL:     4   Next: 81%
Gold:   201        EV: 11    Int: 18    God:
                   SH:  0    Dex: 13

rFire    + + .     SeeInvis .   (no weapon)
rCold    x . .     Faith    .   (no shield)
rNeg     . . .     Spirit   .   k - +0 ring mail
rPois    ∞         Reflect  .   (no helmet)
rElec    .         Harm     .   (no cloak)
rCorr    .         Rampage  .   (no gloves)
Will     .....                  (boots unavailable)
Stlth    +.........             (no amulet)
HPRegen  0.10/turn              i - +6 ring of strength
MPRegen  0.00/turn              (no ring)

@: flying
A: fire resistance 2, cold vulnerability 1, float, innate caster, hp casting,
extra vitality 1
a: no special abilities


You were on level 4 of the Dungeon.
You visited 1 branch of the dungeon, and saw 4 of its levels.

You collected 201 gold pieces.

Inventory:

Armour
 k - a +0 ring mail (worn)
Jewellery
 i - a +6 ring of strength (left hand)
Wands
 j - a wand of polymorph (8)
Scrolls
 a - a scroll of blinking {unknown}
 b - 2 scrolls of enchant weapon {unknown}
 c - 3 scrolls of identify {unknown}
 d - a scroll of noise {unknown}
 e - a scroll of enchant armour {unknown}
 h - a scroll of magic mapping {unknown}
 l - a scroll of fog {unknown}
 n - a scroll of teleportation {unknown}
Potions
 f - a potion of might {unknown}
 g - a potion of cancellation {unknown}
 m - a potion of mutation {unknown}
 o - a potion of brilliance {unknown}


   Skills:
 * Level 1.0 Fighting
 + Level 0.5 Armour
 + Level 2.3 Dodging
 + Level 1.9 Stealth
 + Level 0.1 Unarmed Combat
 * Level 4.1 Spellcasting


You couldn't memorise any spells.
You knew the following spells:

 Your Spells              Type           Power      Damage    Failure   Level
a - Foxfire               Conj/Fire      72%        2x1d7     5%          1
b - Conjure Flame         Conj/Fire      18%        6-21      17%         3
c - Inner Flame           Hex/Fire       18%        N/A       17%         3
d - Sticky Flame          Conj/Fire      18%        2d4       50%         4
e - Fireball              Conj/Fire      9%         3d6       83%         5
f - Apportation           Tloc           36%        N/A       5%          1
Your spell library was empty.

Dungeon Overview and Level Annotations

Branches:
Dungeon (4/15)
 Temple: D:4-7

Altars:

Annotations:
D:4 Ijyb


Innate Abilities, Weirdness & Mutations

You are immune to poison.
Your flesh is very heat resistant. (rF++)
You are vulnerable to cold. (rC-)
You float through the air rather than walking.
You learn spells naturally, not from books.
Your magical power is your life essence.
You have superior vitality. (+4 HP)


Message History

Unknown command.
Casting: Foxfire (safe; 5% risk of failure)
Confirm with . or Enter, or press ? or * to list all spells.
You conjure some foxfire!
Casting: Foxfire (safe; 5% risk of failure)
Confirm with . or Enter, or press ? or * to list all spells.
You conjure some foxfire!
The foxfire hits Ijyb but does no damage.
Ijyb shouts!
The foxfire hits Ijyb but does no damage.
Unknown command.
Casting: Foxfire (safe; 5% risk of failure)
Confirm with . or Enter, or press ? or * to list all spells.
You conjure some foxfire!
The foxfire hits Ijyb.
Ijyb is lightly wounded.
The foxfire hits Ijyb.
Ijyb is moderately wounded.
Ijyb zaps a wand.
Your mind is blasted!
Ouch! That really hurt!
The foxfire hits Ijyb.
Ijyb is moderately wounded.
Casting: Foxfire (safe; 5% risk of failure)
Confirm with . or Enter, or press ? or * to list all spells.
You conjure some foxfire!
The foxfire hits Ijyb.
Ijyb is moderately wounded.
The foxfire hits Ijyb.
Ijyb is heavily wounded.
The foxfire hits Ijyb but does no damage.
Ijyb is heavily wounded.
Unknown command.
Casting: Foxfire (safe; 5% risk of failure)
Confirm with . or Enter, or press ? or * to list all spells.
You conjure some foxfire!
The foxfire hits Ijyb but does no damage.
Ijyb is heavily wounded.
The foxfire hits Ijyb.
Ijyb is severely wounded.
Ijyb zaps a wand.
Your mind is blasted!
Ouch! That really hurt!
You die...

########### #######
..........# ######......
..........# #...>#.#....
..........# #...........
..........###......#....
....g.§...##.......#....
.......§..##.....#.#....
.....§$@..##.....#.#....
......§...'......#.#....
..........##....##..####
#########.##....##..
...#...###... #...#...#
... #...#...# #...#...#
#...#####


You could see Ijyb.

Vanquished Creatures
  A hound skeleton (D:4)
  4 adders
  An ufetubus (D:4)
  A worm (D:2)
  2 dart slugs
  An orc (D:3)
  5 endoplasms
  3 giant cockroaches
  2 goblins (D:3)
  3 hobgoblins
  5 ball pythons
  4 bats
  2 frilled lizards (D:3)
  7 kobolds
  7 rats
48 creatures vanquished.

Vanquished Creatures (others)
  272 foxfires
272 creatures vanquished.

Grand Total: 320 creatures vanquished

Notes
Turn   | Place    | Note
-------+----------+-------------------------------------------
     0 | D:1      | Morbidden the Djinni Fire Elementalist began the quest for
                  | the Orb.
     0 | D:1      | Reached XP level 1. HP: 15/15 MP: 0/0
   393 | D:1      | Reached XP level 2. HP: 19/22 MP: 0/0
   544 | D:1      | Reached skill level 3 in Spellcasting
   861 | D:1      | Found a faded altar of an unknown god.
  1597 | D:2      | Reached XP level 3. HP: 7/26 MP: 0/0
  1597 | D:2      | Learned a level 1 spell: Apportation
  2776 | D:3      | Reached XP level 4. HP: 29/31 MP: 0/0
  3180 | D:3      | Reached skill level 1 in Fighting
  3621 | D:4      | Reached skill level 4 in Spellcasting
  3840 | D:4      | Noticed Ijyb
  3850 | D:4      | Blown up by Ijyb

Illustrated notes

Levels and vault maps discovered:
D:1:      dpeg_arrival_simpleton_a, layout_rooms,
          hellmonk_ecumenical_altar_slurped_away
D:2:      layout_basic
D:3:      layout_rooms, kennysheep_cluttered_room, kennysheep_generic_room_7
D:4:      layout_basic, minmay_temple_entry_overgrown, uniq_edmund,
          uniq_blork_the_orc, uniq_crazy_yiuf_cottage, uniq_ijyb

Skill      XL: |  1  2  3  4 |
---------------+-------------+-----
Spellcasting   | 3 4 |  4.1
Fighting       | 1 |  1.0
Armour         | |  0.5
Dodging        | |  2.3
Stealth        | |  1.9
Unarmed Combat | |  0.1

Action                   |  1- 3 |  4- 6 || total
-------------------------+-------+-------++-------
Melee: Unarmed           |     4 |     1 ||     5
 Cast: Foxfire           |    98 |    66 ||   164
Armor: Ring mail         |     2 |     6 ||     8
Dodge: Dodged            |     7 |     6 ||    13

Table legend: (Time is in decaauts)
 A = Elapsed time spent in this place.
 B = Non-inter-level travel time spent in this place.
 C = Inter-level travel time spent in this place.
 D = Time resting spent in this place.
 E = Time spent auto-exploring this place.
 F = Levels seen in this place.
 G = Mean time per level.
                   A        B        C        D        E       F      G
               +--------+--------+--------+--------+--------+-----+--------+
         Total |   3848 |   3808 |     40 |    179 |   3188 |   4 |  962.0 |
       Dungeon |   3848 |   3808 |     40 |    179 |   3188 |   4 |  962.0 |
               +--------+--------+--------+--------+--------+-----+--------+

Top non-repeatable levels by time:
     D:1: 1275 daAuts
     D:2: 1250 daAuts
     D:3: 993 daAuts
     D:4: 329 daAuts
